 Dungeon Crawl Stone Soup version 0.28.0-45-g0d030f2227 (webtiles) character file.

Game seed: 8709690947310554573

492 101zpm the Covered (level 7, -9/44 HPs)
             Began as a Gargoyle Fighter on Apr 3, 2022.
             Was an Initiate of the Shining One.
             Mangled by an ogre
             ... wielding a +0 giant club
              (21 damage)
             ... on level 5 of the Dungeon.
             The game lasted 00:11:14 (5612 turns).

101zpm the Covered (Gargoyle Fighter)               Turns: 5612, Time: 00:11:15

Health: -9/44      AC: 17    Str: 21    XL:     7   Next: 14%
Magic:  7/7        EV:  6    Int:  9    God:    the Shining One [......]
Gold:   221        SH:  4    Dex:  9    Spells: 6/6 levels left

rFire   . . .      SeeInvis .   a - +0 flail
rCold   . . .      Faith    .   c - +0 buckler
rNeg    + . .      Spirit   .   m - +0 plate armour
rPois   ∞          Reflect  .   (no helmet)
rElec   +          Harm     .   (no cloak)
rCorr   .          Rampage  .   (no gloves)
Will    .....                   (no boots)
Stlth   ..........              (no amulet)
HPRegen 0.14/turn               (no ring)
MPRegen 0.10/turn               (no ring)

@: glowing
A: sickness immunity, AC +4, negative energy resistance 1, electricity
resistance, torment resistance 1, petrification resistance
a: Renounce Religion


You were on level 5 of the Dungeon.
You worshipped the Shining One.
The Shining One was noncommittal.
You visited 2 branches of the dungeon, and saw 6 of its levels.

You collected 221 gold pieces.

Inventory:

Hand Weapons
 a - a +0 flail (weapon)
Armour
 b - a +0 scale mail
 c - a +0 buckler (worn)
 m - a +0 plate armour (worn)
Jewellery
 e - a ring of ice
 o - a ring of see invisible
Wands
 l - a wand of flame (17)
Scrolls
 f - 4 scrolls of identify {unknown}
 j - a scroll of fog {unknown}
 k - 2 scrolls of teleportation {unknown}
 n - a scroll of enchant weapon {unknown}
 p - a scroll of blinking {unknown}
Potions
 d - 3 potions of might
 g - 4 potions of curing {unknown}
 h - 4 potions of degeneration {unknown}
 i - a potion of brilliance {unknown}


   Skills:
 + Level 4.3 Fighting
 + Level 5.1 Maces & Flails
 + Level 5.1 Armour
 + Level 1.0 Dodging
 + Level 4.3 Shields


You had 6 spell levels left.
You didn't know any spells.
Your spell library contained the following spells:

 Spells                   Type           Power      Damage    Failure   Level
 Magic Dart               Conj           0%         1d3       100%        1
 Call Imp                 Summ           0%         N/A       100%        2
 Mephitic Cloud           Conj/Pois/Air  0%         N/A       100%        3


Dungeon Overview and Level Annotations

Branches:
Dungeon (5/15)             Temple (1/1) D:4

Altars:
Cheibriados
Dithmenos
Elyvilon
Fedhas
Hepliaklqana
Kikubaaqudgha
Makhleb
Nemelex Xobeh
Okawaru
Qazlal
Ru
Trog
Uskayaw
Vehumet
Xom
Yredelemnul
Zin
The Shining One

Shops:
D:4 (*(=:


Innate Abilities, Weirdness & Mutations

You are immune to sickness and miasma.
Your stone body is resilient. (AC +4)
You are immune to poison.
You resist negative energy. (rN+)
You are resistant to electric shocks. (rElec)
You are resistant to unholy torment.
You are immune to petrification.


Message History

The scorpion stings you. x2
You hit the scorpion.
You kill the scorpion!
Your Maces & Flails skill increases to level 5!
No target in view!
No target in view!
No target in view!
No target in view!
No target in view!
No target in view!
No target in view!
No target in view!
You start resting.
HP restored.
An ogre comes into view. It is wielding a +0 giant club.
An ogre is nearby!
The ogre barely misses you.
You sock the ogre!
The ogre is moderately wounded.
You block the ogre's attack.
You hit the ogre.
The ogre is moderately wounded.
The ogre hits you with a +0 giant club!
You thump the ogre!
The ogre is severely wounded.
The ogre hits you but does no damage.
You barely miss the ogre.
The ogre is severely wounded.
You hit the ogre.
The ogre is almost dead.
The ogre hits you with a +0 giant club!!
* * * LOW HITPOINT WARNING * * *
You are too injured to fight recklessly!
You are too injured to fight recklessly!
You are too injured to fight recklessly!
You are too injured to fight recklessly!
You barely miss the ogre.
The ogre is almost dead.
The ogre hits you with a +0 giant club!!
You die...

... .. . ## ...... ..#
#. # . .##.#..# #.# #.
# #. ......###.## #. #
#..##.#..##...## #.###
#..#.....#.....###....
#...#.................
#..#............###.##
#...O@........#.###.#.
#.##......##.##.#.....
#......###.##.#.###.
#.###.## #.##...# #.
... #.. ..###..###.
###.###.#######.#)....
#..........<.###..#.
#.###..####.#.....
#.>....# ##.##.##


You could see an ogre.

Vanquished Creatures
  3 scorpions
  A howler monkey (D:4)
  A hound (D:5)
  A centaur skeleton (D:5)
  An iguana (D:4)
  An orc wizard (D:5)
  A killer bee zombie (D:4)
  2 hound zombies (D:3)
  A hound skeleton (D:3)
  3 adders
  An ufetubus (D:4)
  An adder zombie (D:3)
  An adder skeleton (D:3)
  2 dart slugs (D:3)
  7 orcs
  3 bats
  6 endoplasms
  A giant cockroach (D:2)
  4 goblins
  7 hobgoblins
  5 quokkas
  7 ball pythons
  2 ball python zombies (D:3)
  A frilled lizard (D:3)
  A jackal skeleton (D:3)
  7 kobolds
  5 rats
76 creatures vanquished.

Vanquished Creatures (others)
  8 plants (D:4)
8 creatures vanquished.

Grand Total: 84 creatures vanquished

Notes
Turn   | Place    | Note
-------+----------+-------------------------------------------
     0 | D:1      | 101zpm the Gargoyle Fighter began the quest for the Orb.
     0 | D:1      | Reached XP level 1. HP: 14/14 MP: 1/1
   298 | D:1      | Reached XP level 2. HP: 19/19 MP: 2/2
   788 | D:1      | Reached XP level 3. HP: 23/23 MP: 3/3
   927 | D:1      | Found a faded altar of an unknown god.
  1891 | D:3      | Reached XP level 4. HP: 19/29 MP: 4/4
  2291 | D:3      | Reached skill level 1 in Dodging
  2367 | D:3      | Reached XP level 5. HP: 33/33 MP: 5/5
  3293 | D:4      | Found Omavuoso's Antique Weapon Shop.
  3313 | D:4      | Found Beir's Assorted Antiques.
  3327 | D:4      | Found Idianil's Weapon Emporium.
  3814 | D:4      | Reached XP level 6. HP: 28/38 MP: 6/6
  4181 | D:4      | Found a staircase to the Ecumenical Temple.
  4183 | D:4      | Found Leotryal's Jewellery Shop.
  4186 | D:4      | Found Nos Cedd's Book Emporium.
  4241 | D:4      | Found a burning altar of Makhleb.
  4696 | Temple   | Entered the Ecumenical Temple
  4845 | Temple   | Became a worshipper of the Shining One
  4925 | D:5      | Entered Level 5 of the Dungeon
  5054 | D:5      | Noticed a yak
  5435 | D:5      | Reached skill level 5 in Armour
  5435 | D:5      | Reached XP level 7. HP: 43/44 MP: 7/7
  5468 | D:5      | Reached skill level 5 in Maces & Flails
  5612 | D:5      | Mangled by an ogre

Illustrated notes

Levels and vault maps discovered:
D:1:      mainiacjoe_arrival_reflecting_pool, layout_basic,
          basic_ecumenical_altar, minmay_pentomino_u4
D:2:      layout_loops_corners
D:3:      layout_basic, serial_undead, serial_undead_a, serial_undead_c,
          serial_undead_a, serial_undead_b, serial_undead_e, serial_undead_e,
          serial_undead_d, serial_undead_d
D:4:      layout_basic, mainiacjoe_overflow_paths,
          minmay_temple_entry_overgrown, serial_shops, nicolae_square_shop,
          nicolae_shop_overgrown_old_shop, nicolae_shop_crystal, shop, shop
D:5:      layout_loops_ring, chequers_serial_rivers_micro_b, st_stairs_7,
          grunt_ministairs_10, minmay_small_thing
Temple:   minmay_crystal_spiral_temple

Skill      XL: |  1  2  3  4  5  6  7 |
---------------+----------------------+-----
Maces & Flails | 3 4 5 |  5.1
Dodging        | 1 |  1.0
Fighting       | 4 |  4.3
Armour         | 4 5 |  5.1
Shields        | 4 |  4.3

Action                   |  1- 3 |  4- 6 |  7- 9 || total
-------------------------+-------+-------+-------++-------
Melee: Flail             |   101 |   201 |    17 ||   319
Armor: Scale mail        |    73 |    41 |       ||   114
       Plate armour      |       |   114 |     7 ||   121
Dodge: Dodged            |    69 |    91 |     4 ||   164
Block: Buckler           |    29 |    58 |     2 ||    89
